 Dungeon Crawl Stone Soup version 0.25-a0-949-gdd2af9e06e (webtiles) character file.

Game seed: 2903133635501154561, levelgen mode: deterministic

1115 mortelune the Skirmisher (level 8, 0/70 HPs)
             Began as a Centaur Fighter on May 9, 2020.
             Was an Initiate of Qazlal.
             Slain by a large slime creature (26 damage)
             ... on level 5 of the Dungeon.
             The game lasted 00:10:18 (5323 turns).

mortelune the Skirmisher (Centaur Fighter)          Turns: 5323, Time: 00:10:19

Health: 0/70       AC: 13    Str: 21    XL:     8   Next: 12%
Magic:  17/17      EV:  3    Int:  7    God:    Qazlal [......]
Gold:   266        SH:  8    Dex:  9    Spells: 7/7 levels left

rFire    + . .     SeeInvis .   A - +8 falchion "Ereshruit" {drain, *Slow rF+ rC+++ MR+++}
rCold    + + +     Gourm    .   c - +0 kite shield
rNeg     . . .     Faith    .   b - +0 scale mail
rPois    .         Spirit   .   w - +0 helmet
rElec    .         Reflect  .   F - scarf {repulsion}
rCorr    .         Harm     .   o - +0 pair of gloves
MR       +++..                  D - +0 centaur barding
Stlth    ..........             d - amulet of the acrobat (curse)
HPRegen  0.21/turn              (no ring)
MPRegen  0.15/turn              x - ring of magical power

@: repel missiles, very quick
A: large, hooves 3, deformed body, speed 2, tough skin 3
a: Renounce Religion


You were on level 5 of the Dungeon.
You worshipped Qazlal.
Qazlal was noncommittal.
You were hungry.

You visited 2 branches of the dungeon, and saw 6 of its levels.
You also visited: Sewer.

You collected 266 gold pieces.

Inventory:

Hand Weapons
 a - a +0 trident
 A - the +8 falchion "Ereshruit" (weapon) {drain, *Slow rF+ rC+++ MR+++}
   (You found it in a sewer)

   A truly terrible weapon, it drains the life of those it strikes.
   It protects you from fire.
   It renders you almost immune to cold.
   It affects your resistance to hostile enchantments.
   It may slow you when you take damage.
Armour
 b - a +0 scale mail (worn)
 c - a +0 kite shield (worn)
 m - a +0 ring mail
 o - a +0 pair of gloves (worn)
 w - a +0 helmet (worn)
 D - a +0 centaur barding (worn)
 F - a scarf of repulsion (worn)
Jewellery
 d - a cursed amulet of the acrobat (around neck)
 x - a ring of magical power (right hand)
Wands
 y - a wand of iceblast (8)
 C - a wand of flame (27)
Scrolls
 g - 2 scrolls of amnesia {unknown}
 i - a scroll of identify
 n - 3 scrolls of enchant armour
 p - a scroll of immolation
 t - 3 scrolls of remove curse
 z - 2 scrolls of teleportation {unknown}
 B - a scroll of magic mapping
 E - a scroll of enchant weapon {unknown}
Potions
 e - 2 potions of mutation {unknown}
 h - a potion of stabbing {unknown}
 j - 3 potions of magic
 k - 4 potions of curing {unknown}
 l - a potion of resistance {unknown}
 q - 3 potions of heal wounds {unknown}
 r - a potion of haste {unknown}
 s - 2 potions of brilliance
 u - a potion of flight {unknown}
Comestibles
 f - 15 rations


   Skills:
 + Level 6.2 Fighting
 * Level 4.0 Long Blades
 - Level 5.9 Polearms
 - Level 2.1 Armour
 - Level 2.1 Shields


You had 7 spell levels left.
You didn't know any spells.
Your spell library contained the following spells:

 Spells                   Type           Power        Failure   Level  Hunger
 Confusing Touch          Hex            #.......     100%        3    ####...
 Gell's Gravitas          Tloc           #.........   100%        3    ####...
 Petrify                  Tmut/Erth      #.......     100%        4    #####..
 Metabolic Englaciation   Hex/Ice        #.........   100%        5    ######.
 Yara's Violent Unravell  Hex/Tmut       #.........   100%        5    ######.


Dungeon Overview and Level Annotations

Branches:
Dungeon (5/15)             Temple (1/1) D:4           Sewer (visited)

Altars:
Ashenzari
Cheibriados
Dithmenos
Elyvilon
Fedhas
Gozag
Hepliaklqana
Kikubaaqudgha
Makhleb
Nemelex Xobeh
Okawaru
Qazlal
Ru
Sif Muna
Trog
Vehumet
Wu Jian
Xom
Yredelemnul
Zin
The Shining One

Annotations:
D:3 2 transporters, ra1n577's ghost, amateur GrFi


Innate Abilities, Weirdness & Mutations

You have hooves in place of feet.
Armour fits poorly on your strangely shaped body.
You cover ground very quickly.
You have extremely tough skin. (AC +3)


Message History

The slime creature is moderately wounded.
You block the slime creature's attack.
You slash the slime creature!
The slime creature is heavily wounded.
The slime creature hits you!
You slash the slime creature! You kick the slime creature!
The slime creature is severely wounded.
The slime creature hits you!
Two slime creatures merge to form a large slime creature.
You slash the large slime creature!
The large slime creature is heavily wounded.
The large slime creature hits you but does no damage.
You slash the large slime creature! You drain the large slime creature.
You kick the large slime creature, but do no damage.
The large slime creature is heavily wounded.
The large slime creature hits you!!
You slash the large slime creature! You kick the large slime creature.
The large slime creature is severely wounded.
The large slime creature hits you!!
You die...

####.######. #.#
####.######.#
.............
####.######## #######
.....# ##########J....÷#
.....####......##JJ.P.P.#
....?.##.......#J#......#
......'........#@#.J.PP.#
......'........#)#.÷JJJ.#
.....('......#'#.#P..J..#
##....##.....#.#.#..÷J..#
###...###....#.#.#....P÷#
......# #######(##..÷..%#
###...# ### .<#..)# #####
###.(.# #...#


You could see a large slime creature and 2 oozes.

Vanquished Creatures
  Grinder (D:4)
  A phantom (D:5)
  Purgy (Sewer)
  Blork the orc (D:5)
  A big kobold (D:5)
  A scorpion (D:4)
  A crimson imp (D:3)
  2 hounds (D:4)
  2 jellies
  2 orc priests
  An orc wizard (D:4)
  An iguana (D:4)
  A worker ant (D:4)
  A hound skeleton (D:4)
  3 gnolls (D:5)
  4 adders (D:4)
  2 river rats (D:4)
  4 oozes
  9 worms
  A dart slug (D:1)
  2 leopard geckos (D:2)
  7 orcs
  6 bats
  5 giant cockroaches
  16 goblins
  14 hobgoblins
  2 jackals (Sewer)
  16 kobolds
  A ball python skeleton (D:4)
  5 frilled lizards
  A leopard gecko zombie (D:5)
  A quokka zombie (D:4)
  7 rats
123 creatures vanquished.

Vanquished Creatures (others)
  2 fungi (D:5)
  7 toadstools (D:5)
9 creatures vanquished.

Grand Total: 132 creatures vanquished

Notes
Turn   | Place    | Note
-------+----------+-------------------------------------------
     0 | D:1      | mortelune the Centaur Fighter began the quest for the Orb.
     0 | D:1      | Reached XP level 1. HP: 19/19 MP: 1/1
   185 | D:1      | Reached XP level 2. HP: 24/26 MP: 2/2
   508 | D:1      | Reached XP level 3. HP: 23/31 MP: 3/3
  1654 | D:2      | Reached XP level 4. HP: 40/40 MP: 4/4
  2450 | D:3      | Reached skill level 4 in Fighting
  2548 | D:3      | Found a transporter.
  2550 | D:3      | Noticed an ogre
  2550 | D:3      | Noticed ra1n577's ghost (amateur GrFi)
  2552 | D:3      | Found a transporter.
  2552 | D:3      | Noticed an ogre
  2553 | D:3      | Noticed an ogre
  2697 | D:3      | Reached XP level 5. HP: 46/46 MP: 5/5
  2914 | D:4      | Noticed Grinder
  2943 | D:4      | Killed Grinder
  2943 | D:4      | Reached skill level 5 in Polearms
  2943 | D:4      | Reached XP level 6. HP: 18/55 MP: 6/6
  2994 | D:4      | Reached skill level 5 in Fighting
  3042 | D:4      | Found a glowing drain.
  3137 | Sewer    | Entered a sewer
  3345 | Sewer    | Noticed Purgy
  3360 | Sewer    | Killed Purgy
  3360 | Sewer    | Reached XP level 7. HP: 30/61 MP: 7/7
  3517 | Sewer    | Got a crystal falchion
  3557 | D:4      | Identified the +8 falchion "Ereshruit" {drain, *Slow rF+
                  | rC+++ MR+++} (You found it in a sewer)
  3647 | D:4      | Reached skill level 1 in Long Blades
  3872 | D:4      | Found a staircase to the Ecumenical Temple.
  4137 | Temple   | Entered the Ecumenical Temple
  4432 | Temple   | Became a worshipper of Qazlal Stormbringer
  4475 | D:5      | Entered Level 5 of the Dungeon
  5004 | D:5      | Noticed Blork the orc
  5015 | D:5      | Killed Blork the orc
  5015 | D:5      | Reached skill level 6 in Fighting
  5015 | D:5      | Reached XP level 8. HP: 70/70 MP: 8/8
  5310 | D:5      | Noticed a slime creature
  5311 | D:5      | Noticed a slime creature
  5323 | D:5      | Slain by a large slime creature

Levels and vault maps discovered:
D:1:      lemuel_arrival_behind_the_door_small, layout_basic,
          minmay_split_cup_large
D:2:      layout_basic
D:3:      layout_loops_ring, gammafunk_ghost_smash
D:4:      layout_cave_pools, minmay_temple_entry_proselytizer, first_ration,
          lightli_sewer_entry_pipes, kennysheep_generic_room_5, uniq_grinder
D:5:      cheibrodos_fertilizer, layout_basic, uniq_blork_the_orc
Temple:   regret_index_temple_sigil_plot

Skill      XL: |  1  2  3  4  5  6  7  8 |
---------------+-------------------------+-----
Polearms       | 2 3 4 5 |  5.9
Fighting       | 4 5 6 |  6.2
Long Blades    | 3 4 |  4.0
Armour         | |  2.1
Shields        | |  2.1

Action                   |  1- 3 |  4- 6 |  7- 9 || total
-------------------------+-------+-------+-------++-------
Melee: Trident           |   142 |   174 |       ||   316
       Kick              |    17 |    34 |    23 ||    74
       Falchion          |       |       |    81 ||    81
  Use: Potion            |       |     2 |       ||     2
       Scroll            |       |     7 |     2 ||     9
  Eat: Chunk             |     2 |     5 |     4 ||    11
Armor: Scale mail        |    53 |    62 |    25 ||   140
Dodge: Dodged            |    19 |    27 |    16 ||    62
       Repelled          |       |     1 |     1 ||     2
Block: Kite shield       |    62 |    55 |    28 ||   145
       Rpst.: Falchion   |       |       |     8 ||     8

Table legend:
 A = Non-vault XP
 B = Vault XP
 C = Vault XP percentage of total XP
 D = Non-vault monster count
 E = Vault monster count
 F = Vault count percentage of total count
                 A         B        C        D         E       F
            +---------+---------+-------+---------+---------+-------
      Total |     730 |     864 |  54.2 |      91 |      32 |  26.0
            +---------+---------+-------+---------+---------+-------
        D:1 |      51 |       8 |  13.6 |      30 |       4 |  11.8
        D:2 |      47 |       0 |   0.0 |      14 |       0 |   0.0
        D:3 |     143 |       0 |   0.0 |      26 |       0 |   0.0
        D:4 |     305 |     454 |  59.8 |      13 |      12 |  48.0
        D:5 |     184 |     262 |  58.7 |       8 |      10 |  55.6
      Sewer |       0 |     140 | 100.0 |       0 |       6 | 100.0
            +---------+---------+-------+---------+---------+-------
